 Dungeon Crawl Stone Soup version 0.29.1-15-g9cfb28693d (webtiles) character file.

Game seed: 9133506177678418067

481 tizbic2 the Ruffian (level 6, -1/57 HPs)
             Began as a Troll Transmuter on Apr 17, 2023.
             Was a Priest of Makhleb.
             Slain by an orc warrior
             ... wielding a +3 mace
              (16 damage)
             ... on level 4 of the Dungeon.
             The game lasted 00:08:31 (1854 turns).

tizbic2 the Ruffian (Troll Transmuter)              Turns: 1854, Time: 00:08:31

Health: -1/57      AC:  5    Str: 21    XL:     6   Next: 87%
Magic:  0/8        EV: 10    Int:  9    God:    Makhleb [***...]
Gold:   185        SH:  0    Dex: 10    Spells: 6/9 levels left

rFire   . . .      SeeInvis .     - Unarmed
rCold   . . .      Faith    .   (no shield)
rNeg    . . .      Spirit   +   d - +0 robe
rPois   .          Reflect  .   (helmet restricted)
rElec   .          Harm     .   h - +0 cloak
rCorr   .          Rampage  .   (gloves unavailable)
Will    .....                   (boots unavailable)
Stlth   +.........              c - amulet of guardian spirit
HPRegen 0.99/turn               (no ring)
MPRegen 0.11/turn               (no ring)

@: lethally poisoned (-1 -> -2), wereblooded
A: large, unfitting armour, claws 3, regeneration 1, shaggy fur 1, tough skin 1,
fangs 1
a: Renounce Religion, Minor Destruction, Lesser Servant of Makhleb


You were on level 4 of the Dungeon.
You worshipped Makhleb.
Makhleb was most pleased with you.
You visited 1 branch of the dungeon, and saw 4 of its levels.

You collected 185 gold pieces.

Inventory:

Hand Weapons
 a - a +3 dagger of protection
 w - a +0 sling
Missiles
 j - 5 poisoned darts
 p - 4 boomerangs of dispersal
Armour
 d - a +0 robe (worn)
 h - a +0 cloak (worn)
 o - an orb of mayhem
Jewellery
 c - an amulet of guardian spirit (around neck)
Wands
 f - a wand of roots (10)
 n - a wand of paralysis (2)
Scrolls
 g - 2 scrolls of butterflies {unknown}
 k - a scroll of teleportation {unknown}
 m - a scroll of immolation {unknown}
 q - a scroll of brand weapon {unknown}
 s - a scroll of amnesia {unknown}
 t - a scroll of enchant weapon {unknown}
Potions
 b - a potion of lignification
 e - a potion of invisibility
 i - a potion of heal wounds
 l - 2 potions of berserk rage
Miscellaneous
 r - a phial of floods


   Skills:
 + Level 2.2 Fighting
 * Level 3.4 Dodging
 * Level 5.0 Unarmed Combat
 + Level 2.0 Spellcasting
 + Level 2.3 Transmutations


You had 6 spell levels left.
You knew the following spells:

 Your Spells              Type           Power      Damage    Failure   Level
a - Beastly Appendage     Tmut           10%        N/A       13%         1
b - Wereblood             Tmut           5%         N/A       19%         2

Your spell library contained the following spells:

 Spells                   Type           Power      Damage    Failure   Level
 Spider Form              Tmut/Pois      3%         N/A       52%         3
 Ice Form                 Ice/Tmut       3%         N/A       90%         4


Dungeon Overview and Level Annotations

Branches:
Dungeon (4/15)
 Temple: D:4-7

Altars:
Makhleb


Innate Abilities, Weirdness & Mutations

You are too large for most types of armour.
You have claws for hands.
Your natural rate of healing is unusually fast.
You are covered in fur. (AC +1)
You have tough skin. (AC +1)
You have very sharp teeth.


Message History

The orc wizard hits you with a +0 dagger of venom.
You are more poisoned.
You scratch the orc wizard. You claw the orc wizard.
The orc wizard is almost dead.
You feel very sick.
The orc wizard hits you but does no damage.
You are more poisoned.
Casting: Beastly Appendage (safe; 13% risk of failure)
Confirm with . or Enter, or press ? or * to list all spells.
Your blood is infused with primal strength.
You feel very sick.
The orc wizard hits you but does no damage.
You are more poisoned.
You claw the orc wizard!
You feel a bit better.
You kill the orc wizard!
Makhleb accepts your kill.
You feel better.
You howl as the wereblood boils in your veins!
Your horns disappear.
Your talons disappear.
You feel very sick.
Your Unarmed Combat skill increases to level 5!
You claw the orc!
You feel a bit better.
You kill the orc!
Makhleb accepts your kill.
You feel very sick.
You barely miss the orc warrior.
You feel very sick.
You barely miss the orc warrior. You claw the orc warrior.
The orc warrior is lightly wounded.
You feel very sick.
The orc warrior unwields a +0 arbalest.
The orc warrior wields a +3 mace.
The orc warrior hits you with a +3 mace.
You claw the orc warrior!
The orc warrior is heavily wounded.
You feel sick.
The orc warrior hits you with a +3 mace!!
* * * LOW HITPOINT WARNING * * *
You feel much better.
You feel sick.
The orc warrior hits you with a +3 mace!
You die...

## ## #K .# .#. #
... #.# #o#
##...##.#
........#####
##...##oo@..# ##
#.###.# #.# # #.#
## #.###.... #
#........
#.#######.#######
#.....)...#
####...#######


You could see an orc warrior and an orc.

Vanquished Creatures
  Sigmund (D:3)
  The ghost of hawla the Firebug, a weakling MeFE (D:3)
  An orc priest (D:3)
  Ijyb (D:3)
  3 orc wizards
  Robin (D:2)
  A gnoll (D:1)
  6 adders
  4 worms
  3 dart slugs
  8 orcs
  3 bats
  An endoplasm (D:3)
  13 giant cockroaches
  14 goblins
  5 hobgoblins
  6 jackals
  4 ball pythons
  3 frilled lizards
  2 kobolds
  3 rats
84 creatures vanquished.

Notes
Turn   | Place    | Note
-------+----------+-------------------------------------------
     0 | D:1      | tizbic2 the Troll Transmuter began the quest for the Orb.
     0 | D:1      | Reached XP level 1. HP: 18/18 MP: 1/1
   100 | D:1      | Found a faded altar of an unknown god.
   193 | D:1      | Prayed at the altar of an unknown god.
   193 | D:1      | Became a worshipper of Makhleb the Destroyer
   193 | D:1      | Reached * piety under Makhleb
   398 | D:1      | Reached XP level 2. HP: 26/26 MP: 2/2
   521 | D:1      | Reached skill level 1 in Fighting
   694 | D:2      | Noticed Robin
   700 | D:1      | Reached XP level 3. HP: 33/33 MP: 4/4
  1014 | D:2      | Gained mutation: You have very sharp teeth. [potion of
                  | mutation]
  1051 | D:2      | Reached ** piety under Makhleb
  1064 | D:2      | Killed Robin
  1065 | D:2      | Reached XP level 4. HP: 39/41 MP: 3/5
  1198 | D:2      | Reached skill level 4 in Unarmed Combat
  1332 | D:3      | Noticed Ijyb
  1335 | D:3      | Paralysed by Ijyb for 3 turns
  1343 | D:3      | Killed Ijyb
  1344 | D:3      | Reached XP level 5. HP: 44/48 MP: 3/6
  1372 | D:3      | Reached *** piety under Makhleb
  1404 | D:3      | Learned a level 2 spell: Wereblood
  1435 | D:3      | Noticed Sigmund
  1441 | D:3      | Killed Sigmund
  1442 | D:3      | Reached XP level 6. HP: 54/57 MP: 4/7
  1519 | D:3      | Found a runed translucent door.
  1524 | D:3      | Noticed hawla's ghost (weakling MeFE)
  1538 | D:3      | Killed hawla's ghost
  1552 | D:3      | Found a runed translucent door.
  1749 | D:3      | Identified the +2 pair of boots of Fywnetia {Rampage Will+}
  1840 | D:4      | Noticed an orc warrior
  1850 | D:4      | Reached skill level 5 in Unarmed Combat
  1853 | D:4      | HP: 1/57 [orc warrior/+3 mace (18)]
  1854 | D:4      | Slain by an orc warrior

Illustrated notes

Levels and vault maps discovered:
D:1:      elethiomel_arrival_quiet, layout_loops_ring,
          hellmonk_ecumenical_altar_pennies_from_heaven
D:2:      minmay_roachtagon, layout_basic, uniq_robin
D:3:      layout_rooms, ebering_ghost_sewer_f, uniq_ijyb, uniq_sigmund
D:4:      layout_loops_ring, uniq_duvessa, uniq_menkaure

Skill      XL: |  1  2  3  4  5  6 |
---------------+-------------------+-----
Fighting       | 1 2 |  2.2
Dodging        | 2 3 |  3.4
Unarmed Combat | 4 5 |  5.0
Transmutations | 2 |  2.3
Spellcasting   | 2 |  2.0

Action                   |  1- 3 |  4- 6 || total
-------------------------+-------+-------++-------
Melee: Unarmed           |    54 |   127 ||   181
       Kick              |     5 |    17 ||    22
       Headbutt          |     4 |    10 ||    14
       Bite              |     2 |     8 ||    10
       Punch             |     1 |     2 ||     3
 Fire: Sling             |     3 |     2 ||     5
 Cast: Beastly Appendage |     6 |    12 ||    18
       Wereblood         |       |     1 ||     1
  Use: Scroll            |     3 |     1 ||     4
       Potion            |     1 |     1 ||     2
Armor: Robe              |    22 |    41 ||    63
Dodge: Dodged            |    33 |    54 ||    87
